 Dungeon Crawl Stone Soup version 0.29.1-13-g9f3cf754e1 (webtiles) character file.

Game seed: 10664534079888723849

79396 promet the Eclecticist (level 15, 0/90 HPs)
             Began as a Deep Elf Fire Elementalist on Feb 6, 2023.
             Was the Champion of Dithmenos.
             Slain by a skeletal warrior
             ... wielding a +0 halberd of flaming
              (2 damage)
             ... on level 14 of the Dungeon on Feb 8, 2023.
             The game lasted 05:48:22 (45666 turns).

promet the Eclecticist (DEFE)                      Turns: 45666, Time: 05:48:23

Health: 0/90       AC:  8    Str: 13    XL:     15   Next: 20%
Magic:  21/36      EV: 31    Int: 25    God:    Dithmenos [******]
Gold:   1607       SH:  0    Dex: 17    Spells: 11/44 levels left

rFire   + . .      SeeInvis +   b - +2 arbalest (freeze)
rCold   + . .      Faith    .   (shield currently unavailable)
rNeg    . . .      Spirit   .   F - +1 robe of Crawling {Will+ Dex+3 Stlth+}
rPois   .          Reflect  .   (helmet restricted)
rElec   .          Harm     .   g - scarf {repulsion}
rCorr   .          Rampage  .   r - +1 pair of gloves of the Blue Skies {Str+2 SInv}
Will    ++...                   z - +2 pair of boots
Stlth   +++++++++.              j - amulet of the acrobat
HPRegen 0.25/turn               f - +4 ring of slaying
MPRegen 0.25/turn               P - ring of protection from fire

@: about to teleport, acrobatic, very slightly contaminated, wreathed by umbra,
studying Summonings, repel missiles
A: antennae 1, see invisible, cold resistance 1, strong 1
a: Renounce Religion, Shadow Step, Shadow Form


You were on level 14 of the Dungeon.
You worshipped Dithmenos.
Dithmenos was exalted by your worship.
You visited 3 branches of the dungeon, and saw 21 of its levels.
You also visited: Volcano.

You collected 2403 gold pieces.
You spent 796 gold pieces at shops.

Inventory:

Hand Weapons
 a - a +8 spectral dagger
 b - a +2 arbalest of freezing (weapon)
 c - the +5 flail of Muno {elec, rElec rPois rF- rN+ SInv}
   (You found it on level 12 of the Dungeon)

   It occasionally discharges a powerful burst of electricity upon striking a
   foe.
   rF:        It makes you vulnerable to fire.
   rElec:     It insulates you from electricity.
   rPois:     It protects you from poison.
   rN:        It protects you from negative energy.
   SInv:      It lets you see invisible.
 d - a +1 great mace of flaming
 k - a +5 long sword of protection
 u - a +3 great mace of holy wrath
 B - a +2 vampiric trident
 K - a +2 battleaxe of flaming
 N - a +0 glaive of flaming
 U - a +0 arbalest of flaming
Missiles
 e - 156 stones
 L - 27 poisoned darts
 O - 3 throwing nets
 Q - 7 boomerangs
 W - 3 curare-tipped darts
Armour
 g - a scarf of repulsion (worn)
 h - a +3 troll leather armour {Snorg}
 n - a scarf of invisibility
 r - the +1 pair of gloves of the Blue Skies (worn) {Str+2 SInv}
   (You acquired it on level 3 of the Dungeon)

   Str:       It affects your strength (+2).
   SInv:      It lets you see invisible.
 x - a +0 robe of the Archmagi
 z - a +2 pair of boots (worn)
 F - the +1 robe of Crawling (worn) {Will+ Dex+3 Stlth+}
   (You took it off an orc wizard on level 8 of the Dungeon)

   Dex:       It affects your dexterity (+3).
   Will:      It increases your willpower.
   Stlth:     It makes you more stealthy.
 G - a +2 cloak
 R - +0 acid dragon scales
 Y - +0 ice dragon scales
Magical Staves
 Z - a staff of air
Jewellery
 f - a +4 ring of slaying (left hand)
 j - an amulet of the acrobat (around neck)
 t - a +6 ring of strength
 I - an amulet of guardian spirit
 P - a ring of protection from fire (right hand)
Wands
 s - a wand of acid (35)
 v - a wand of roots (12)
 y - a wand of paralysis (32)
 A - a wand of flame (43)
 D - a wand of mindburst (14)
 J - a wand of polymorph (4)
 V - a wand of digging (6)
Scrolls
 i - a scroll of teleportation
 w - 13 scrolls of identify
 T - a scroll of amnesia
Potions
 l - 3 potions of magic
 m - 3 potions of curing
 o - a potion of flight
 E - 3 potions of brilliance
 X - a potion of cancellation
Miscellaneous
 q - a box of beasts
 C - a phial of floods
 H - a condenser vane
 S - a piece from Xom's chessboard (15/15)


   Skills:
 * Level 9.3 Fighting
 + Level 7.1(7.4) Short Blades
 + Level 2.3(4.8) Long Blades
 + Level 3.3(5.0) Axes
 + Level 3.5(4.0) Maces & Flails
 + Level 3.5(4.1) Polearms
 + Level 7.9 Ranged Weapons
 + Level 1.3 Throwing
 + Level 4.7 Armour
 + Level 6.9 Dodging
 + Level 8.1 Stealth
 + Level 15.3 Spellcasting
 + Level 7.6 Conjurations
 * Level 3.2 Summonings
 + Level 1.1 Transmutations
 + Level 12.2 Fire Magic
 + Level 0.7 Ice Magic
 + Level 3.4 Earth Magic
 + Level 2.2 Poison Magic
 * Level 2.7 Invocations
 + Level 8.3 Evocations


You had 11 spell levels left.
You knew the following spells:

 Your Spells              Type           Power      Damage    Failure   Level
a - Foxfire               Conj/Fire      100%       2x1d9     1%          1
b - Scorch                Fire           100%       2d10      1%          2
c - Conjure Flame         Conj/Fire      62%        6-21      1%          3
d - Stone Arrow           Conj/Erth      94%        3d12      1%          3
e - Flame Wave            Conj/Fire      62%        2d14      1%          4
f - Sandblast             Erth           72%        2d16      1%          1
g - Hailstorm             Conj/Ice       40%        3d10      4%          4
h - Fireball              Conj/Fire      31%        3d13      1%          5
i - Olgreb's Toxic Radia  Pois           30%        N/A       12%         4
j - Ignite Poison         Fire/Tmut/Pois 45%        N/A       1%          3
k - Summon Guardian Gole  Hex/Summ       27%        N/A       4%          3

Your spell library contained the following spells:

 Spells                   Type           Power      Damage    Failure   Level
 Beastly Appendage        Tmut           48%        N/A       1%          1
 Summon Small Mammal      Summ           100%       N/A       1%          1
 Passwall                 Tmut/Erth      25%        N/A       1%          2
 Static Discharge         Conj/Air       38%        3-8/arc   1%          2
 Inner Flame              Hex/Fire       49%        N/A       1%          3
 Sticky Flame             Conj/Fire      62%        2d8       1%          4
 Slow                     Hex            76%        N/A       2%          1
 Call Canine Familiar     Summ           35%        N/A       2%          3
 Ensorcelled Hibernation  Hex/Ice        40%        N/A       3%          2
 Spider Form              Tmut/Pois      27%        N/A       4%          3
 Starburst                Conj/Fire      31%        6d9       8%          6
 Confusing Touch          Hex            19%        N/A       9%          3
 Gell's Gravitas          Tloc           19%        N/A       9%          3
 Lesser Beckoning         Tloc           19%        N/A       9%          3
 Swiftness                Air            19%        N/A       9%          3
 Teleport Other           Tloc           19%        N/A       9%          3
 Vampiric Draining        Necr           19%        2d7       9%          3
 Irradiate                Conj/Tmut      20%        3d18      13%         5
 Lightning Bolt           Conj/Air       19%        1d33      16%         5
 Ice Form                 Ice/Tmut       23%        N/A       19%         4
 Blade Hands              Tmut           12%        N/A       45%         5
 Yara's Violent Unravell  Hex/Tmut       11%        3d6       54%         5
 Ignition                 Fire           34%        3d11      77%         8
 Simulacrum               Ice/Necr       10%        N/A       98%         6
 Dragon Form              Tmut           12%        N/A       100%        7
 Enfeeble                 Hex            9%         N/A       100%        7
 Ozocubu's Refrigeration  Ice            11%        4d9       100%        7
 Maxwell's Capacitive Co  Air            9%         ∞         100%        8


Dungeon Overview and Level Annotations

Branches:
Dungeon (14/15)            Temple (0/1) D:7            Lair (5/5) D:8
  Swamp (0/4) Lair:2       Spider (0/4) Lair:2        Slime (0/5) Lair:5
    Orc (2/2) D:12            Elf (0/3) Orc:2       Volcano (visited)
 Vaults: D:13-14

Altars:
Cheibriados
Dithmenos
Fedhas
Gozag
Kikubaaqudgha
Nemelex Xobeh
Okawaru
Qazlal
Ru
Uskayaw
Vehumet
Wu Jian
Xom
Zin
Lugonu

Shops:
D:3 !   D:12 =   D:13 (   Orc:2 *[:(

Portals:
Abyss: Lair:5

Annotations:
D:9 3 runed translucent doors
D:10 2 transporters, AverageBear's ghost, journeyman DsFi
Lair:4 3 runed translucent doors, Juirae's ghost, journeyman TrMo


Innate Abilities, Weirdness & Mutations

You have a pair of small antennae on your head.
You have supernaturally acute eyesight. (SInv)
Your flesh is cold resistant. (rC+)
Your muscles are strong. (Str +4, Int/Dex -1)


Message History

Press: ? - help, Q - select action, (/) - cycle Shift-Dir - straight line, f/p - skeletal warrior
Aim: a skeletal warrior, wielding a +0 halberd of flaming (moderately damaged, umbra, 69% to hit)
You shoot a bolt. The bolt hits the skeletal warrior!
The skeletal warrior is moderately damaged.
Casting: Stone Arrow (safe; 1% risk of failure)
Confirm with . or Enter, or press ? or * to list all spells.
Aiming: Stone Arrow (safe; 1% risk of failure)
Press: ? - help, Shift-Dir - straight line, f/p - skeletal warrior
Aim: a skeletal warrior, wielding a +0 halberd of flaming (moderately damaged, umbra, 76% to hit)
The stone arrow hits the skeletal warrior!
The skeletal warrior is severely damaged.
The skeletal warrior hits you from afar with a +0 halberd of flaming!
The skeletal warrior burns you.
Casting: Stone Arrow (safe; 1% risk of failure)
Confirm with . or Enter, or press ? or * to list all spells.
Casting: Hailstorm (dangerous; 4% risk of failure)
Press: ? - help, Dir - look around, f - activate You miscast Hailstorm.
You are very lightly contaminated with residual magic.
A chill runs through your body. You resist.
The skeletal warrior hits you from afar with a +0 halberd of flaming!
The skeletal warrior burns you.
Casting: Hailstorm (dangerous; 4% risk of failure)
Confirm with . or Enter, or press ? or * to list all spells.
Aiming: Stone Arrow (safe; 1% risk of failure)
Press: ? - help, Shift-Dir - straight line, f - skeletal warrior
Aim: a skeletal warrior, wielding a +0 halberd of flaming (severely damaged, umbra, 76% to hit)
You miscast Stone Arrow.
Nothing appears to happen.
The skeletal warrior hits you from afar with a +0 halberd of flaming!!
You emit a cloud of dark smoke.
The skeletal warrior burns you.
As you read the scroll of teleportation, it crumbles to dust.
You feel strangely unstable.
The skeletal warrior hits you from afar with a +0 halberd of flaming!!
* * * LOW HITPOINT WARNING * * *
The skeletal warrior burns you.
* * * LOW HITPOINT WARNING * * *
The skeletal warrior hits you from afar with a +0 halberd of flaming!
* * * LOW HITPOINT WARNING * * *
The skeletal warrior burns you.
You die...

### #####.######### ###
.....#......... ..#
###.###.#########.###
...## ##.# #.....
###.###.#######.#§##
.....#..........@§§###.###
##.>........###.#§§§(.....
#.##.#####.# #.##z######^
#<##.# ##.###.##.# #.##.#
##...##.##z#
#.##)###.###[#.##)#
#.##.##..# #.†.##.#
#.##.##..###.####.#
#.##....#...## #.#


You could see a skeletal warrior.

Vanquished Creatures
  2 orc warlords
  Snorg (Orc:2)
  Erolcha (D:11)
  2 vault guards
  2 boulder beetles
  6 hydras
  4 two-headed ogres
  4 thrashing horrors (Lair:5)
  5 orc high priests
  A skeletal warrior (D:14)
  4 lindwurms (Lair:4)
  5 orc sorcerers
  Pikel (D:6)
  4 orc knights
  A cyclops (D:13)
  8 ugly things
  A wolf spider (Lair:2)
  4 manticores
  A moth of wrath (shapeshifter) (Lair:5)
  8 elephants
  Maurice (D:8)
  3 smoke demons
  14 cane toads
  4 black mambas
  2 gargoyles
  2 unseen horrors
  3 kobold demonologists
  A yaktaur (shapeshifter) (Lair:5)
  2 rime drakes
  2 efreet (D:14)
  8 komodo dragons
  An ancient zyme (Lair:5)
  A polar bear (Lair:5)
  3 meliai (D:13)
  6 trolls
  Grinder (D:5)
  3 tyrant leeches (Lair:2)
  28 blink frogs
  10 dream sheep
  3 slime creatures (D:11)
  Sigmund (D:3)
  A jumping spider (shapeshifter) (D:13)
  2 shadows
  10 small abominations (Lair:5)
  A vampire (D:11)
  A ynoxinul (Lair:5)
  A wraith (D:10)
  39 yaks
  Eustachio (D:5)
  4 humans (D:14)
  4 wyverns
  6 basilisks
  A steam dragon (D:8)
  Grum (D:10)
  3 swamp worms (Lair:1)
  A chaos spawn (Lair:5)
  Menkaure (D:5)
  Edmund (D:6)
  5 vampire mosquitoes
  2 acid dragons
  A swamp worm (shapeshifter) (Lair:5)
  4 wargs (D:12)
  14 water moccasins
  2 large abominations (Lair:5)
  5 hell hounds
  2 sky beasts (D:8)
  34 orc warriors
  3 ice beasts
  A black bear (Lair:1)
  7 ogres
  14 wolves
  12 centaurs
  11 bullfrogs
  2 kobold brigands
  Blork the orc (D:5)
  A necrophage (D:4)
  2 gnoll sergeants
  2 scorpions
  3 wights (D:8)
  10 killer bees
  16 jellies
  2 howler monkeys
  A vampire bat (D:5)
  25 orc priests
  A gnoll bouda (D:10)
  8 iguanas
  Ijyb (D:3)
  Terence (D:3)
  36 orc wizards
  10 gnolls
  9 adders
  A white imp (D:5)
  An ufetubus (D:7)
  2 worms
  3 dart slugs
  92 orcs
  6 bat skeletons (D:5)
  6 endoplasms
  3 giant cockroaches (D:2)
  7 goblins
  12 hobgoblins
  11 jackals
  18 kobolds
  5 quokkas
  5 ball pythons
  4 bats
  2 frilled lizards (D:1)
  4 rats
672 creatures vanquished.

Vanquished Creatures (collateral kills)
  A two-headed ogre (D:9)
  A slime creature (D:11)
  A killer bee (D:9)
  2 gnolls (D:8)
  A foxfire (Lair:2)
6 creatures vanquished.

Vanquished Creatures (others)
  An orc priest (D:8)
  2 orc wizards
  827 foxfires
  28 fungi
  34 plants
892 creatures vanquished.

Grand Total: 1570 creatures vanquished

Notes
Turn   | Place    | Note
-------+----------+-------------------------------------------
     0 | D:1      | promet the Deep Elf Fire Elementalist began the quest for
                  | the Orb.
     0 | D:1      | Reached XP level 1. HP: 10/10 MP: 6/6
   298 | D:1      | Reached XP level 2. HP: 4/15 MP: 5/8
   301 | D:1      | Learned a level 2 spell: Scorch
  1093 | D:1      | Found a faded altar of an unknown god.
  1097 | D:1      | Prayed at the altar of an unknown god.
  1097 | D:1      | Became a worshipper of Dithmenos the Shadowed
  1097 | D:1      | Reached * piety under Dithmenos
  1235 | D:2      | Reached XP level 3. HP: 19/20 MP: 3/9
  1554 | D:2      | Reached skill level 1 in Polearms
  1619 | D:2      | Reached XP level 4. HP: 24/24 MP: 5/11
  1781 | D:3      | Identified a scroll of acquirement
  1781 | D:3      | Acquired the +1 pair of gloves of the Blue Skies {Str+2
                  | SInv}
  1834 | D:3      | Reached skill level 1 in Fighting
  2003 | D:3      | Found a hide-covered altar of Uskayaw.
  2030 | D:3      | Reached ** piety under Dithmenos
  2059 | D:3      | Noticed Terence
  2076 | D:3      | Reached skill level 4 in Spellcasting
  2327 | D:3      | Found a glowing silver altar of Zin.
  2652 | D:3      | Found an opulent altar of Gozag.
  2660 | D:3      | Found Isios's Distillery.
  2685 | D:3      | Noticed Ijyb
  2695 | D:3      | Killed Ijyb
  2696 | D:3      | Reached XP level 5. HP: 19/29 MP: 3/13
  2832 | D:3      | Bought a potion of heal wounds for 55 gold pieces
  2897 | D:3      | Killed Terence
  3073 | D:3      | Noticed Sigmund
  3081 | D:3      | Killed Sigmund
  3082 | D:3      | Reached XP level 6. HP: 34/35 MP: 8/15
  3302 | D:4      | Reached skill level 5 in Spellcasting
  3309 | D:4      | Reached skill level 5 in Fire Magic
  3309 | D:4      | Reached XP level 7. HP: 17/40 MP: 1/17
  3583 | D:4      | Learned a level 3 spell: Conjure Flame
  4397 | D:5      | Entered Level 5 of the Dungeon
  4410 | D:5      | Reached skill level 6 in Spellcasting
  5006 | D:5      | Reached XP level 8. HP: 46/46 MP: 14/19
  5058 | D:5      | Got Roxanne's Codex of Clay and Forms
  5072 | D:5      | Learned a level 3 spell: Stone Arrow
  5089 | D:5      | Found a sparkling altar of Nemelex Xobeh.
  5091 | D:5      | Noticed Blork the orc
  5101 | D:5      | Killed Blork the orc
  5146 | D:5      | Noticed Grinder
  5232 | D:5      | Reached *** piety under Dithmenos
  5780 | D:5      | Found an ancient bone altar of Kikubaaqudgha.
  6001 | D:5      | Paralysed by Grinder for 4 turns
  6008 | D:5      | Killed Grinder
  6009 | D:5      | Reached skill level 7 in Spellcasting
  6587 | D:5      | Noticed Menkaure
  6595 | D:5      | Killed Menkaure
  6901 | D:6      | Reached skill level 1 in Short Blades
  6901 | D:6      | Reached skill level 8 in Spellcasting
  7312 | D:6      | Noticed Pikel
  7313 | D:6      | Noticed Eustachio
  7402 | D:5      | Killed Eustachio
  7403 | D:5      | Reached XP level 9. HP: 52/52 MP: 11/23
  7535 | D:6      | Killed Pikel
  7931 | D:6      | Noticed Edmund
  7961 | D:6      | Killed Edmund
  8338 | D:7      | Found a staircase to the Ecumenical Temple.
  8986 | D:7      | Found a flagged portal.
  9393 | D:7      | Reached skill level 9 in Spellcasting
  9424 | D:7      | Learned a level 4 spell: Flame Wave
  9650 | D:8      | Reached **** piety under Dithmenos
  9961 | D:8      | Gained mutation: You are dopey. (Int -2) [potion of
                  | mutation]
  9961 | D:8      | Gained mutation: Your muscles are strong. (Str +4, Int/Dex
                  | -1) [potion of mutation]
  9961 | D:8      | Gained mutation: You occasionally lose the ability to drink
                  | potions when taking damage. [potion of mutation]
  9962 | D:8      | Lost mutation: You occasionally lose the ability to drink
                  | potions when taking damage. [potion of mutation]
  9962 | D:8      | Lost mutation: Your muscles are strong. (Str +4, Int/Dex
                  | -1) [potion of mutation]
  9962 | D:8      | Gained mutation: You are somewhat resistant to further
                  | mutation. [potion of mutation]
 10161 | D:8      | Found a staircase to the Lair.
 10162 | D:8      | Noticed a komodo dragon
 10185 | D:8      | HP: 2/53 [komodo dragon (21)]
 10186 | D:8      | Killed a komodo dragon
 10187 | D:8      | Reached skill level 1 in Axes
 10648 | D:8      | Identified the +1 robe of Crawling {Will+ Dex+3 Stlth+}
 10663 | D:8      | Reached skill level 5 in Fighting
 10663 | D:8      | Reached XP level 10. HP: 59/59 MP: 21/25
 10849 | D:8      | Found a sacrificial altar of Ru.
 10849 | D:8      | Found a radiant altar of Vehumet.
 10857 | D:8      | Found a snail-covered altar of Cheibriados.
 10860 | D:8      | Found a faded altar of an unknown god.
 10862 | D:8      | Found an ornate altar of the Wu Jian Council.
 10939 | D:8      | Noticed Maurice
 10949 | D:8      | Killed Maurice
 10950 | D:8      | Reached skill level 10 in Spellcasting
 10956 | D:8      | Learned a level 1 spell: Beastly Appendage
 11166 | D:9      | Found a stormy altar of Qazlal.
 11246 | D:9      | Found a shimmering altar of Xom.
 11256 | D:9      | Found a shimmering altar of Xom.
 11256 | D:9      | Found a shimmering altar of Xom.
 11256 | D:9      | Found a shimmering altar of Xom.
 11256 | D:9      | Found a shimmering altar of Xom.
 11345 | D:9      | Found a blossoming altar of Fedhas.
 11424 | D:9      | Noticed Grum
 11770 | D:3      | Bought a potion of curing for 33 gold pieces
 12081 | D:9      | Noticed a two-headed ogre
 12090 | D:9      | Killed a two-headed ogre
 12779 | D:9      | Found a runed translucent door.
 12779 | D:9      | Noticed a cyclops
 12779 | D:9      | Noticed an ogre mage
 12779 | D:9      | Noticed a boulder beetle
 12847 | D:9      | Found a runed translucent door.
 12848 | D:9      | Found a runed translucent door.
 12983 | D:9      | Found an iron altar of Okawaru.
 13161 | D:10     | Entered Level 10 of the Dungeon
 13161 | D:10     | Noticed a two-headed ogre
 13161 | D:10     | Noticed a two-headed ogre
 13371 | D:10     | Noticed a two-headed ogre
 13534 | D:10     | Noticed a rust devil
 13541 | D:10     | Reached skill level 11 in Spellcasting
 13670 | D:10     | Killed a two-headed ogre
 13671 | D:10     | Reached skill level 1 in Armour
 13671 | D:10     | Reached skill level 5 in Conjurations
 13909 | D:10     | Killed a two-headed ogre
 13910 | D:10     | Reached XP level 11. HP: 56/64 MP: 10/28
 14144 | D:10     | Noticed a soul eater
 14280 | D:10     | Killed Grum
 14507 | D:10     | Reached skill level 1 in Long Blades
 14582 | D:10     | You fall into a shaft and drop 1 floor!
 15053 | D:11     | Reached skill level 1 in Evocations
 15565 | D:10     | Noticed AverageBear's ghost (journeyman DsFi)
 16299 | D:10     | Found a transporter.
 16304 | D:10     | Found a transporter.
 16387 | D:10     | Killed a two-headed ogre
 16388 | D:10     | Reached skill level 10 in Fire Magic
 16772 | Lair:1   | Entered Level 1 of the Lair of Beasts
 17084 | Lair:1   | Reached skill level 1 in Earth Magic
 17589 | Lair:1   | Noticed a six-headed hydra
 17599 | Lair:1   | Killed a six-headed hydra
 17600 | Lair:1   | Reached skill level 1 in Ranged Weapons
 17811 | Lair:1   | Reached skill level 12 in Spellcasting
 17969 | Lair:1   | Reached ***** piety under Dithmenos
 18389 | Lair:1   | Reached skill level 5 in Dodging
 18400 | Lair:1   | Reached XP level 12. HP: 43/71 MP: 14/30
 18931 | Lair:1   | Reached skill level 5 in Evocations
 19343 | Lair:2   | Learned a level 1 spell: Sandblast
 19768 | Lair:2   | Found a hole to the Spider Nest.
 20762 | Lair:2   | Found a staircase to the Swamp.
 20876 | Lair:2   | Noticed a six-headed hydra
 20882 | Lair:2   | Killed a six-headed hydra
 21472 | Lair:3   | Noticed a five-headed hydra
 21571 | Lair:3   | Reached skill level 13 in Spellcasting
 21952 | Lair:3   | Found a dark tunnel.
 22176 | Volcano  | Entered a volcano
 22215 | Volcano  | Reached skill level 5 in Short Blades
 23420 | Lair:3   | Reached skill level 5 in Stealth
 23457 | Lair:3   | Killed a five-headed hydra
 23563 | Lair:3   | Reached XP level 13. HP: 78/78 MP: 32/32
 23565 | Lair:3   | Reached skill level 5 in Ranged Weapons
 24583 | Lair:4   | Noticed Juirae's ghost (journeyman TrMo)
 24600 | Lair:4   | Found a runed translucent gate.
 24600 | Lair:4   | Found a runed translucent gate.
 24600 | Lair:4   | Found a runed translucent gate.
 25482 | Lair:4   | Learned a level 4 spell: Hailstorm
 26673 | Lair:5   | Entered Level 5 of the Lair of Beasts
 27122 | Lair:5   | Reached skill level 1 in Throwing
 28019 | Lair:4   | Reached skill level 14 in Spellcasting
 28679 | Lair:5   | Learned a level 5 spell: Fireball
 28903 | Lair:5   | Found a staircase to the Slime Pits.
 29690 | Lair:5   | Reached ****** piety under Dithmenos
 29811 | Lair:5   | Lost mutation: You are somewhat resistant to further
                  | mutation. [potion of mutation]
 29811 | Lair:5   | Lost mutation: You are dopey. (Int -2) [potion of mutation]
 29811 | Lair:5   | Gained mutation: You have a pair of small antennae on your
                  | head. [potion of mutation]
 29811 | Lair:5   | Gained mutation: You have supernaturally acute eyesight.
                  | (SInv) [potion of mutation]
 29811 | Lair:5   | Gained mutation: Your flesh is cold resistant. (rC+)
                  | [potion of mutation]
 29811 | Lair:5   | Gained mutation: Your muscles are strong. (Str +4, Int/Dex
                  | -1) [potion of mutation]
 30591 | Lair:5   | Reached XP level 14. HP: 16/84 MP: 16/34
 31250 | Lair:5   | Found a corrupted altar of Lugonu.
 31250 | Lair:5   | Found a one-way gate to the infinite horrors of the Abyss.
 31789 | Lair:5   | Reached skill level 1 in Maces & Flails
 32771 | D:3      | Bought a potion of degeneration for 11 gold pieces
 32771 | D:3      | Bought a potion of might for 44 gold pieces
 32782 | D:3      | Bought a potion of berserk rage for 55 gold pieces
 33303 | D:11     | Noticed Erolcha
 33308 | D:11     | Killed Erolcha
 34408 | D:12     | Identified the +5 flail of Muno {elec, rElec rPois rF- rN+
                  | SInv}
 34636 | D:12     | Found a staircase to the Orcish Mines.
 35047 | D:12     | Learned a level 4 spell: Olgreb's Toxic Radiance
 35711 | D:12     | Found Ezynaa's Jewellery Boutique.
 35732 | D:12     | Learned a level 3 spell: Ignite Poison
 36622 | Orc:1    | Entered Level 1 of the Orcish Mines
 36655 | Orc:1    | Noticed an orc warlord
 36659 | D:12     | Reached skill level 1 in Poison Magic
 37012 | D:12     | Killed an orc warlord
 38359 | Orc:2    | Entered Level 2 of the Orcish Mines
 38363 | Orc:2    | Noticed Snorg
 38376 | Orc:2    | Killed Snorg
 38949 | Orc:2    | Noticed an orc warlord
 38966 | Orc:2    | Killed an orc warlord
 39352 | Orc:2    | Reached skill level 15 in Spellcasting
 39784 | Orc:2    | Found a staircase to the Elven Halls.
 41054 | Orc:2    | Found Viyrargh's Antique Armour Emporium.
 41054 | Orc:2    | Found Woprean's Antique Weapon Shoppe.
 41365 | Orc:2    | Found Feasaont's General Store.
 41366 | Orc:2    | Found Fakoasoi's Book Emporium.
 41988 | Orc:2    | Bought a glowing arbalest for 150 gold pieces
 42023 | Orc:2    | Bought a scroll of blinking for 97 gold pieces
 42023 | Orc:2    | Bought a potion of brilliance for 52 gold pieces
 42023 | Orc:2    | Bought a potion of curing for 39 gold pieces
 42041 | Orc:2    | Bought a book of Callings for 260 gold pieces
 42721 | D:13     | Reached skill level 1 in Summonings
 42903 | D:13     | Reached skill level 1 in Invocations
 42941 | D:13     | Reached XP level 15. HP: 90/90 MP: 31/36
 42958 | D:13     | Learned a level 3 spell: Summon Guardian Golem
 44571 | D:13     | Found Dehulofu's Weapon Shoppe.
 45657 | D:14     | Reached skill level 1 in Transmutations
 45666 | D:14     | HP: 2/90 [skeletal warrior/+0 halberd of flaming (12)]
 45666 | D:14     | Slain by a skeletal warrior

Illustrated notes

Levels and vault maps discovered:
D:1:      dpeg_arrival_boxorama, layout_basic,
          hellmonk_ecumenical_altar_defaced_shrine
D:2:      layout_rooms, minmay_splitting_lines, uniq_crazy_yiuf_cottage
D:3:      layout_basic, nicolae_gozag_seed_capital, old_standard_altar,
          mainiacjoe_overflow_brackets, serial_shops, shop, chequers_jeans,
          uniq_sigmund, uniq_terence, uniq_ijyb
D:4:      layout_loops_cross, minivault_27, chequers_serial_rivers_micro_c,
          minmay_manual_mares
D:5:      layout_cave_pods, old_standard_altar, kennysheep_vampire_church,
          uniq_menkaure, uniq_blork_the_orc, uniq_grinder
D:6:      layout_basic, uniq_edmund, uniq_eustachio, uniq_pikel
D:7:      layout_rooms, temple_green, enter_bailey_4, serial_bayou_lagoon_a,
          lemuel_flamethrower_2
D:8:      layout_cave_pools, chequers_temple_overflow_minitemple,
          david_lair_shrubbed, nicolae_figureground_pulse, uniq_maurice
D:9:      minmay_the_grid_triangle_9x9_rhombus_full
          [minmay_the_grid_triangle_9x9_stretched_checkered,
          minmay_the_grid_triangle_9x9_corrupted_corridor,
          minmay_the_grid_triangle_9x9_fully_insulated_deathbox,
          minmay_the_grid_triangle_9x9_from_above,
          minmay_the_grid_triangle_9x9_sparse_checkered,
          minmay_the_grid_triangle_9x9_dagger,
          minmay_the_grid_triangle_9x9_windchime,
          minmay_the_grid_triangle_9x9_prize_top_heavy], layout_basic,
          mainiacjoe_overflow_concentric_impassable, general_overflow_altar,
          xom_redecorated, overflow_temple_1_default, minmay_holes, uniq_grum
D:10:     layout_gridville, gammafunk_ghost_hive, dreamdust_wishing_well,
          minmay_misc_feat_room, wad_floor_pattern_untrapped
D:11:     layout_roguey, uniq_erolcha
D:12:     layout_gridville, erik_orc_4, serial_shops, nicolae_square_shop
D:13:     layout_stronghold, serial_shops, shop_statue
D:14:     layout_loops_ring, ximxim_vaults_locker_room, nicolae_sextant,
          kennysheep_another_room
Lair:1:   layout_hall_layers, worms_lemuel
Lair:2:   layout_hall_layers, minmay_swamp_entry_worms, dummy_spider_entry,
          nicolae_lair_run_with_the_wolves
Lair:3:   layout_cellular_growth, enter_volcano_3
Lair:4:   layout_cave_pods, gammafunk_ghost_split, minmay_lindwurm_lava
Lair:5:   hellmonk_lair_end_abyssal_woods, layout_hall_layers,
          minmay_slime_entry_jelly_boxes, grunt_megastairs_3
Orc:1:    layout_caves
Orc:2:    st_orc_congregation, layout_diamond_mine, nicolae_orc_lava_room,
          uniq_snorg

Skill      XL: |  1  2  3  4  5  6  7  8  9 10 11 12 13 14 15 |
---------------+----------------------------------------------+-----
Polearms       | 1 2 3 |  3.5
Fire Magic     | 4 5 7 8 9 10 11 12 | 12.2
Fighting       | 1 2 3 5 6 7 8 9 |  9.3
Stealth        | 3 4 5 6 7 8 |  8.1
Spellcasting   | 4 5 6 8 9 11 12 13 14 15 | 15.3
Conjurations   | 2 3 4 5 6 7 |  7.6
Dodging        | 3 4 5 6 |  6.9
Short Blades   | 2 3 4 5 6 7 |  7.1
Axes           | 1 3 |  3.3
Armour         | 1 2 3 4 |  4.7
Long Blades    | 2 |  2.3
Evocations     | 4 6 8 |  8.3
Earth Magic    | 1 2 3 |  3.4
Ranged Weapons | 1 4 6 7 |  7.9
Throwing       | 1 |  1.3
Maces & Flails | 3 |  3.5
Poison Magic   | 2 |  2.2
Summonings     | 1 3 |  3.2
Invocations    | 1 2 |  2.7
Transmutations | 1 |  1.1
Ice Magic      | |  0.7

Action                   |  1- 3 |  4- 6 |  7- 9 | 10-12 | 13-15 || total
-------------------------+-------+-------+-------+-------+-------++-------
Melee: Dagger            |     6 |       |    10 |    71 |   206 ||   293
       Spear             |    12 |     1 |       |       |       ||    13
       Punch             |     1 |       |       |     1 |     2 ||     4
       Halberd           |       |     8 |    36 |       |       ||    44
       War axe           |       |       |    12 |     1 |       ||    13
       Broad axe         |       |       |       |     4 |       ||     4
       Long sword        |       |       |       |    11 |     7 ||    18
       Glaive            |       |       |       |       |    30 ||    30
       Great mace        |       |       |       |       |    22 ||    22
       Staff             |       |       |       |       |     3 ||     3
       Battleaxe         |       |       |       |       |     4 ||     4
       Flail             |       |       |       |       |    85 ||    85
 Fire: Sling             |       |       |     2 |     3 |       ||     5
       Arbalest          |       |       |       |    69 |   228 ||   297
Throw: Dart              |       |       |       |    15 |     9 ||    24
 Cast: Foxfire           |    47 |    36 |   137 |   150 |   102 ||   472
       Scorch            |     3 |    17 |    73 |   117 |    71 ||   281
       Conjure Flame     |       |       |     6 |     7 |       ||    13
       Stone Arrow       |       |       |     2 |    43 |   103 ||   148
       Flame Wave        |       |       |     1 |    35 |    25 ||    61
       Beastly Appendage |       |       |       |     1 |       ||     1
       Sandblast         |       |       |       |     1 |    15 ||    16
       Fireball          |       |       |       |       |    37 ||    37
       Ignite Poison     |       |       |       |       |    22 ||    22
       Olgreb's Toxic Ra |       |       |       |       |    19 ||    19
       Hailstorm         |       |       |       |       |     7 ||     7
Invok: Shadow Step       |       |       |       |       |     2 ||     2
Evoke: Wand              |       |       |     1 |       |    10 ||    11
       Box of beasts     |       |       |       |       |     1 ||     1
       Phial of floods   |       |       |       |       |     1 ||     1
       Piece from Xom's  |       |       |       |       |     1 ||     1
       Condenser vane    |       |       |       |       |     1 ||     1
  Use: Scroll            |     3 |     5 |     9 |     9 |    13 ||    39
       Potion            |       |     1 |    11 |     4 |    19 ||    35
 Stab: Distracted        |     1 |       |       |     1 |     9 ||    11
       Sleeping          |       |       |     6 |       |    13 ||    19
Armor: Robe              |     3 |     4 |    27 |     2 |    21 ||    57
       Acid dragon scale |       |       |       |    71 |   114 ||   185
       Leather armour    |       |       |       |     4 |    74 ||    78
       Troll leather arm |       |       |       |       |     8 ||     8
Dodge: Dodged            |    17 |    26 |   133 |   322 |   467 ||   965
